 Dungeon Crawl Stone Soup version 0.29-a0-577-gafbf2c5d25 (webtiles) character file.

Game seed: 13501673170478229537

267 DocClef the Sneak (level 6, -4/35 (37) HPs)
             Began as a Tengu Delver on June 13, 2022.
             Slain by a wight
             ... wielding a +3 falchion
              (7 damage)
             ... on level 6 of the Dungeon.
             The game lasted 00:01:16 (979 turns).

DocClef the Sneak (Tengu Delver)                     Turns: 979, Time: 00:01:17

HP:   -4/35 (37)    AC:  4    Str: 13    XL:     6   Next: 21%
MP:   7/7           EV: 14    Int: 10    God:
Gold: 21            SH:  0    Dex: 17    Spells: 5/5 levels left

rFire   . . .      SeeInvis .   a - +0 short sword
rCold   . . .      Faith    .   (no shield)
rNeg    . . .      Spirit   .   b - +0 leather armour
rPois   .          Reflect  .   (helmet restricted)
rElec   .          Harm     .   (no cloak)
rCorr   .          Rampage  .   i - +0 pair of gloves
Will    .....                   (boots unavailable)
Stlth   +++.......              (no amulet)
HPRegen 0.11/turn               (no ring)
MPRegen 0.10/turn               (no ring)

@: flying quickly and evasively, drained, quick
A: beak, talons 3, nimble flight
a: no special abilities


You were on level 6 of the Dungeon.
You visited 1 branch of the dungeon, and saw 2 of its levels.

You collected 21 gold pieces.

Inventory:

Hand Weapons
 a - a +0 short sword (weapon)
Armour
 b - a +0 leather armour (worn)
 i - a +0 pair of gloves (worn)
Wands
 g - a wand of digging (3)
Scrolls
 c - a scroll of fog
 d - a scroll of magic mapping
 e - 6 scrolls of fear
 j - a scroll of teleportation {unknown}
 k - a scroll of identify {unknown}
Potions
 f - a potion of haste
 h - a potion of curing {unknown}
 l - a potion of mutation {unknown}


   Skills:
 + Level 3.5 Fighting
 + Level 3.2 Short Blades
 + Level 2.2 Armour
 + Level 2.5 Dodging
 + Level 7.1 Stealth


You had 5 spell levels left.
You didn't know any spells.
Your spell library contained the following spells:

 Spells                   Type           Power      Damage    Failure   Level
 Ozocubu's Armour         Ice            0%         N/A       82%         3
 Ozocubu's Refrigeration  Ice            0%         4d5       100%        7


Dungeon Overview and Level Annotations

Branches:
Dungeon (6/15)
 Temple: D:4-7

Altars:


Innate Abilities, Weirdness & Mutations

You have a beak for a mouth.
You have claws for feet.
Your magical nature lets you fly swiftly and evasively.


Message History

The wight barely misses you.
You closely miss the wight. You claw the wight, but do no damage.
The wight is heavily damaged.
The wight misses you.
You hit the wight but do no damage.
The wight is heavily damaged.
The wight hits you with a +3 falchion!
* * * LOW HITPOINT WARNING * * *
You are too injured to fight recklessly!
You are too injured to fight recklessly!
You are too injured to fight recklessly!
You are too injured to fight recklessly!
You are too injured to fight recklessly!
You are too injured to fight recklessly!
You are too injured to fight recklessly!
You are too injured to fight recklessly!
You are too injured to fight recklessly!
You are too injured to fight recklessly!
You are too injured to fight recklessly!
You are too injured to fight recklessly!
You are too injured to fight recklessly!
You are too injured to fight recklessly!
You are too injured to fight recklessly!
You are too injured to fight recklessly!
Unknown command.
You hit the wight but do no damage. You claw the wight, but do no damage.
The wight is heavily damaged.
You hit the wight but do no damage. You peck the wight.
The wight is severely damaged.
The wight completely misses you.
You hit the wight but do no damage. You claw the wight, but do no damage.
Your peck misses the wight.
The wight is severely damaged.
The wight hits you with a +3 falchion!
* * * LOW HITPOINT WARNING * * *
Unknown command.
You hit the wight but do no damage. You claw the wight, but do no damage.
The wight is severely damaged.
The wight hits you with a +3 falchion!
You die...

#.###### ♣.♣ ♣..♣
#......# ♣.♣♣ ♣/z♣
#.###### ♣♣.♣♣ ♣..♣
#.# ♣♣.♣ ♣..♣ #.#
####.########..## #.#
##.##............# #.#
#.#####z.....#####
#.########...#zz....##
#..........#.@#######
##########...## #####


You could see 3 wights.

Vanquished Creatures
  A bullfrog (D:6)
  A necrophage (D:6)
  3 hounds
  An iguana (D:6)
  An adder (D:6)
  An ufetubus (D:6)
  4 orcs (D:6)
12 creatures vanquished.

Notes
Turn   | Place    | Note
-------+----------+-------------------------------------------
     0 | D:5      | DocClef the Tengu Delver began the quest for the Orb.
     0 | D:5      | Reached XP level 1. HP: 14/14 MP: 2/2
     1 | D:5      | Noticed a hound
    13 | D:5      | Killed a hound
    14 | D:5      | Reached XP level 2. HP: 7/19 MP: 3/3
    14 | D:5      | Reached XP level 3. HP: 9/23 MP: 4/4
   253 | D:5      | Noticed a two-headed ogre
   254 | D:5      | Noticed a troll
   257 | D:5      | Noticed a wraith
   512 | D:6      | Reached skill level 6 in Stealth
   512 | D:6      | Reached XP level 4. HP: 28/28 MP: 5/5
   524 | D:6      | Noticed a bullfrog
   527 | D:6      | Killed a bullfrog
   528 | D:6      | Reached skill level 1 in Armour
   528 | D:6      | Gained mutation: Your magical nature lets you fly swiftly
                  | and evasively. [Tengu growth]
   528 | D:6      | Reached XP level 5. HP: 32/32 MP: 6/6
   573 | D:6      | Reached skill level 7 in Stealth
   573 | D:6      | Reached XP level 6. HP: 19/37 MP: 7/7
   897 | D:6      | Noticed an orc warrior
   979 | D:6      | Slain by a wight

Illustrated notes

Levels and vault maps discovered:
D:5:      cheibrodos_fzero, layout_basic, minmay_temple_entry_trees,
          kennysheep_cluttered_room, uniq_duvessa, uniq_grinder,
          uniq_prince_ribbit1, uniq_eustachio
D:6:      kb_forest_paths, layout_loops_ring, gammafunk_temple_overflow_wave,
          minivault_26

Skill      XL: |  1  2  3  4  5 |
---------------+----------------+-----
Stealth        | 6 7 |  7.1
Armour         | 1 2 |  2.2
Short Blades   | 3 |  3.2
Fighting       | |  3.5
Dodging        | |  2.5

Action                   |  1- 3 |  4- 6 || total
-------------------------+-------+-------++-------
Melee: Short sword       |    16 |    37 ||    53
       Peck              |     6 |     7 ||    13
       Kick              |     5 |    12 ||    17
  Use: Potion            |       |     1 ||     1
 Stab: Sleeping          |     2 |     2 ||     4
Armor: Leather armour    |     4 |     3 ||     7
Dodge: Dodged            |     9 |    24 ||    33

Table legend: (Time is in decaauts)
 A = Elapsed time spent in this place.
 B = Non-inter-level travel time spent in this place.
 C = Inter-level travel time spent in this place.
 D = Time resting spent in this place.
 E = Time spent auto-exploring this place.
 F = Levels seen in this place.
 G = Mean time per level.
                   A        B        C        D        E       F      G
               +--------+--------+--------+--------+--------+-----+--------+
         Total |    955 |    955 |      0 |    179 |    596 |   2 |  477.5 |
       Dungeon |    955 |    955 |      0 |    179 |    596 |   2 |  477.5 |
               +--------+--------+--------+--------+--------+-----+--------+

Top non-repeatable levels by time:
     D:6: 683 daAuts
     D:5: 272 daAuts
